 Dungeon Crawl Stone Soup version 0.27-a0-1060-gcb85b5eba1 (webtiles) character file.

Game seed: 11678210637221258054

89 tsouns the Skirmisher (level 4, -3/37 HPs)
             Began as a Demonspawn Chaos Knight on Apr 21, 2021.
             Was a Plaything of Xom.
             Slain by Crazy Yiuf
             ... wielding a +4 quarterstaff of chaos
              (11 damage)
             ... on level 2 of the Dungeon.
             The game lasted 00:01:56 (1799 turns).

tsouns the Skirmisher (Demonspawn Chaos Knight)     Turns: 1799, Time: 00:01:56

Health: -3/37      AC:  6    Str: 12    XL:     4   Next: 31%
Magic:  4/4        EV: 11    Int: 15    God:    Xom [..*...]
Gold:   47         SH:  0    Dex: 12    Spells: 3/3 levels left

rFire    . . .     SeeInvis .   a - +0 falchion (chaos)
rCold    . . .     Faith    .   (no shield)
rNeg     . . .     Spirit   .   b - +2 leather armour
rPois    .         Reflect  .   (no helmet)
rElec    .         Harm     .   (no cloak)
rCorr    .         Rampage  .   f - +0 pair of gloves
Will     .....                  (no boots)
Stlth    +.........             (no amulet)
HPRegen  0.12/turn              (no ring)
MPRegen  0.09/turn              (no ring)

@: no status effects
A: spiny 1, condensation shield
a: Renounce Religion


You were on level 2 of the Dungeon.
You worshipped Xom.
You were a toy of Xom.
You visited 1 branch of the dungeon, and saw 2 of its levels.

You collected 47 gold pieces.

Inventory:

Hand Weapons
 a - a +0 falchion of chaos (weapon)
Armour
 b - a +2 leather armour (worn)
 f - a +0 pair of gloves (worn)
Scrolls
 d - a scroll of silence {unknown}
 h - a scroll of immolation {unknown}
 i - a scroll of vulnerability {unknown}
 j - 2 scrolls of amnesia {unknown}
 k - a scroll of noise {unknown}
Potions
 c - a potion of ambrosia {unknown}
 e - a potion of curing
 g - a potion of heal wounds {unknown}
 l - a potion of berserk rage {unknown}


   Skills:
 + Level 4.2 Fighting
 + Level 3.8 Long Blades
 - Level 1.7 Armour
 - Level 0.8 Dodging


You had 3 spell levels left.
You didn't know any spells.
Your spell library was empty.

Dungeon Overview and Level Annotations

Branches:
Dungeon (2/15)

Altars:

Annotations:
D:2 Crazy Yiuf


Innate Abilities, Weirdness & Mutations

You are partially covered in sharp spines.
A meltable shield of frost defends you. (SH +0)


Message History

Crazy Yiuf shouts!
Crazy Yiuf laughs, "Orb verde snockshim!"
You see here a +0 mace.
Crazy Yiuf yells, "Cholesterol childish forty-two!"
You see here a +0 mace.
You see here a +0 mace.
Xom smirks.
You feel aware of your surroundings.
You see here a +0 mace.
Crazy Yiuf laughs, "Castle canine verde!"
You see here a +0 mace.
You open the door.
Crazy Yiuf says, "Leather forty-two fast!"
You barely miss Crazy Yiuf.
Crazy Yiuf hits you with a +4 quarterstaff of chaos!
You hit Crazy Yiuf but do no damage.
Crazy Yiuf is poisoned.
Crazy Yiuf drinks a potion.
Crazy Yiuf seems to grow stronger.
You hit Crazy Yiuf but do no damage.
Crazy Yiuf is lightly wounded.
Crazy Yiuf hits you with a +4 quarterstaff of chaos!
Your condensation shield dissipates!
Crazy Yiuf burns you.
* * * LOW HITPOINT WARNING * * *
You see here a +0 mace.
Crazy Yiuf says, "Which is more difficult, to awaken one who sleeps or to awaken one who, awake, dreams that he is awake?"
Crazy Yiuf says, "Which is more difficult, to awaken one who sleeps or to awaken one who, awake, dreams that he is awake?"
Crazy Yiuf looks more healthy.
Crazy Yiuf says, "One may say the eternal mystery of the world is its comprehensibility."
You closely miss Crazy Yiuf.
Crazy Yiuf is heavily wounded.
Crazy Yiuf is struck by your spines. Crazy Yiuf barely misses you.
You barely miss Crazy Yiuf.
Crazy Yiuf is severely wounded.
Crazy Yiuf is struck by your spines.
Crazy Yiuf hits you with a +4 quarterstaff of chaos!
* * * LOW HITPOINT WARNING * * *
You are lethally poisoned!
You feel better.
Crazy Yiuf hits you with a +4 quarterstaff of chaos!
You die...

#.# #........####*
*.). #.#
##.##.#.......#
*#'#* #.#
#............# ♣)♣♣
#.########.#....####
♣♣)♣
#.......).....#.#
♣.♣♣
##########.####.#
♣♣.♣
######.####.####
♣♣.♣♣
.........†..#...#
♣♣..)♣
############@####
♣....♣ #######g####
#....#
#..........####....#
#.########........##
#####...## #####


You could see Crazy Yiuf (strong).

Vanquished Creatures
  Natasha (twice) (D:2)
  An adder (D:2)
  A dart slug (D:1)
  2 ball pythons
  6 bats
  An endoplasm (D:2)
  A giant cockroach (D:2)
  2 goblins
  5 hobgoblins
  5 kobolds
  2 frilled lizards
28 creatures vanquished.

Notes
Turn   | Place    | Note
-------+----------+-------------------------------------------
     0 | D:1      | tsouns the Demonspawn Chaos Knight began the quest for the
                  | Orb.
     0 | D:1      | Reached XP level 1. HP: 18/18 MP: 1/1
   110 | D:1      | XOM: butterfly on damage
   190 | D:1      | XOM: potion effect (invisibility)
   281 | D:1      | XOM: divination: detect items
   314 | D:1      | Found a faded altar of an unknown god.
   324 | D:1      | XOM: noise
   347 | D:1      | Gained mutation: You are partially covered in sharp spines.
                  | [demonic ancestry]
   347 | D:1      | Reached XP level 2. HP: 24/24 MP: 2/2
   359 | D:1      | XOM: noise
   470 | D:1      | XOM: silly message
  1084 | D:1      | XOM is BORED!
  1084 | D:1      | XOM: noise
  1194 | D:2      | Noticed Natasha
  1201 | D:2      | Killed Natasha
  1202 | D:2      | Reached XP level 3. HP: 26/30 MP: 3/3
  1316 | D:2      | XOM is BORED!
  1316 | D:2      | XOM: noise
  1514 | D:2      | XOM: silly message
  1645 | D:2      | Noticed Natasha
  1653 | D:2      | Killed Natasha
  1654 | D:2      | Reached skill level 4 in Fighting
  1654 | D:2      | Gained mutation: A meltable shield of frost defends you.
                  | (SH +0) [demonic ancestry]
  1654 | D:2      | Reached XP level 4. HP: 31/37 MP: 4/4
  1739 | D:2      | XOM: silly message
  1758 | D:2      | Found a runed translucent door.
  1759 | D:2      | Noticed Crazy Yiuf
  1768 | D:2      | XOM: divination: magic mapping
  1799 | D:2      | Slain by Crazy Yiuf

Illustrated notes

Levels and vault maps discovered:
D:1:      ebering_hopf_link, layout_basic, shapermc_ecumenical_altar_flowoftime
D:2:      layout_loops_ring, uniq_natasha, uniq_terence, uniq_crazy_yiuf_cottage

Skill      XL: |  1  2  3 |
---------------+----------+-----
Long Blades    | 3 |  3.8
Fighting       | 4 |  4.2
Armour         | |  1.7
Dodging        | |  0.8

Action                   |  1- 3 |  4- 6 || total
-------------------------+-------+-------++-------
Melee: Falchion          |    50 |     9 ||    59
  Use: Potion            |       |     1 ||     1
 Stab: Paralysed         |     1 |       ||     1
Armor: Leather armour    |    18 |     1 ||    19
Dodge: Dodged            |    32 |     3 ||    35
Block: Other             |       |     2 ||     2
       Rpst.: Falchion   |     6 |     1 ||     7

Table legend: (Time is in decaauts)
 A = Elapsed time spent in this place.
 B = Non-inter-level travel time spent in this place.
 C = Inter-level travel time spent in this place.
 D = Time resting spent in this place.
 E = Time spent auto-exploring this place.
 F = Levels seen in this place.
 G = Mean time per level.
                   A        B        C        D        E       F      G
               +--------+--------+--------+--------+--------+-----+--------+
         Total |   1815 |   1795 |     20 |      0 |   1579 |   2 |  907.5 |
       Dungeon |   1815 |   1795 |     20 |      0 |   1579 |   2 |  907.5 |
               +--------+--------+--------+--------+--------+-----+--------+

Top non-repeatable levels by time:
     D:1: 1131 daAuts
     D:2: 683 daAuts
